 Dungeon Crawl Stone Soup version 0.30-a0-591-g3c58d2bc28 (webtiles) character file.

Game seed: 7033725288929181204

68030 wormed the Martial Artist (level 15, -15/195 HPs)
             Began as an Octopode Transmuter on Jan 4, 2023.
             Was an Initiate of Gozag.
             Demolished by a skeletal warrior
             ... wielding a +0 glaive
             ... led by a death knight
              (17 damage)
             ... on level 13 of the Dungeon.
             The game lasted 00:54:22 (31823 turns).

wormed the Martial Artist (Octopode Transmuter)    Turns: 31823, Time: 00:54:23

Health: -15/195    AC: 10    Str: 12    XL:     15   Next: 25%
Magic:  36/36      EV: 19    Int: 21    God:    Gozag
Gold:   376        SH:  0    Dex: 12    Spells: 23/30 levels left

rFire   x . .      SeeInvis .      - Unarmed
rCold   + + +      Faith    .    (shield currently unavailable)
rNeg    . . .      Spirit   .    (helmet currently unavailable)
rPois   +          Reflect  .    (no amulet)
rElec   .          Harm     .    i - ring of magical power
rCorr   .          Rampage  .    H - ring of flight
Will    +....                    j - ring of wizardry Stlth
                                 p - +5 ring of evasion
HPRegen 0.52/turn                (no ring)
MPRegen 0.25/turn                (no ring)
                                 (no ring)
                                 (no ring)

@: brilliant, berserking, ice-form, wereblooded, gold aura, flying, very quick
A: freezing attack, boosted hp, almost no armour, amphibious, 8 rings, large,
(camouflage 1), (gelatinous body 1), (nimble swimmer 1), (tentacles)
a: End Transformation, Renounce Religion, Potion Petition, Call Merchant, Bribe
Branch


You were on level 13 of the Dungeon.
You worshipped Gozag.
Gozag was aware of your devotion.
You were a creature of crystalline ice.
You visited 4 branches of the dungeon, and saw 21 of its levels.
You also visited: Ossuary.

You collected 7165 gold pieces.
You spent 388 gold pieces at shops.
You paid 6401 gold pieces to Gozag.

Inventory:

Hand Weapons
 E - the +4 dagger "Morg" {pain, Will+ Int+5}
   (You found it on level 5 of the Lair of Beasts)

   Int:       It affects your intelligence (+5).
   Will:      It increases your willpower.
Missiles
 g - 4 throwing nets
Jewellery
 i - a ring of magical power (left front paw)
 j - a ring of wizardry (on tentacle)
 p - a +5 ring of evasion (on tentacle)
 H - a ring of flight (right front paw)
Wands
 d - a wand of iceblast (13)
 e - a wand of flame (36)
 f - a wand of paralysis (20) (quivered)
 B - a wand of polymorph (3)
 D - a wand of mindburst (6)
Scrolls
 a - 2 scrolls of teleportation
 b - a scroll of fear
 c - a scroll of torment
 h - 3 scrolls of fog
 n - 4 scrolls of enchant armour
 s - a scroll of magic mapping
 u - 11 scrolls of identify
 z - 2 scrolls of silence
 A - a scroll of enchant weapon
 C - 2 scrolls of amnesia
 G - 2 scrolls of brand weapon
Potions
 k - 3 potions of ambrosia
 l - 3 potions of brilliance
 m - 4 potions of curing
 o - 2 potions of magic
 q - 4 potions of flight
 r - a potion of resistance
 t - 2 potions of berserk rage
 v - 2 potions of attraction
 w - 6 potions of might
 x - 3 potions of lignification
 F - 4 potions of mutation


   Skills:
 + Level 12.7 Fighting
 + Level 12.7 Dodging
 + Level 13.0 Unarmed Combat
 - Level 8.0 Spellcasting
 + Level 12.8 Transmutations
 - Level 5.0 Ice Magic
 + Level 0.1 Air Magic


You had 23 spell levels left.
You knew the following spells:

 Your Spells              Type           Power      Damage    Failure   Level
a - Ice Form              Ice/Tmut       62%        N/A       1%          4
b - Wereblood             Tmut           76%        N/A       1%          2
c - Beastly Appendage     Tmut           100%       N/A       1%          1

Your spell library contained the following spells:

 Spells                   Type           Power      Damage    Failure   Level
 Ensorcelled Hibernation  Hex/Ice        56%        N/A       1%          2
 Passwall                 Tmut/Erth      43%        N/A       1%          2
 Ozocubu's Armour         Ice            44%        N/A       1%          3
 Spider Form              Tmut/Pois      52%        N/A       1%          3
 Blade Hands              Tmut           38%        N/A       1%          5
 Apportation              Tloc           24%        N/A       3%          1
 Alistair's Intoxication  Tmut/Pois      34%        N/A       6%          5
 Swiftness                Air            13%        N/A       9%          3
 Inner Flame              Hex/Fire       12%        N/A       10%         3
 Anguish                  Hex/Necr       6%         N/A       30%         4
 Flame Wave               Conj/Fire      12%        2d6       30%         4
 Manifold Assault         Tloc           12%        N/A       30%         4
 Sticky Flame             Conj/Fire      12%        2d4       30%         4
 Metabolic Englaciation   Hex/Ice        14%        N/A       30%         5
 Dispersal                Tloc           6%         N/A       99%         6
 Iron Shot                Conj/Erth      6%         9d2       99%         6
 Disjunction              Tloc           6%         N/A       100%        8
 Animate Armour           Summ/Erth      Unusable   N/A       N/A         4
 Simulacrum               Ice/Necr       Unusable   N/A       N/A         6

Dungeon Overview and Level Annotations

Branches:
Dungeon (13/15)            Temple (1/1) D:6            Lair (5/5) D:10
  Swamp (0/4) Lair:3        Snake (0/4) Lair:3        Slime (0/5) Lair:4
    Orc (2/2) D:9             Elf (0/3) Orc:2       Ossuary (visited)
 Vaults: D:13-14

Altars:
Ashenzari
Cheibriados
Dithmenos
Elyvilon
Fedhas
Gozag
Hepliaklqana
Kikubaaqudgha
Makhleb
Nemelex Xobeh
Okawaru
Qazlal
Ru
Sif Muna
Trog
Uskayaw
Vehumet
Wu Jian
Xom
Yredelemnul
Zin
The Shining One

Shops:
D:1 :   D:4 (   D:11 (   D:12 **   Orc:1 *   Orc:2 [?(!   Lair:2 *??

Annotations:
D:13 Snorg
Orc:1 DSscumlord's ghost, journeyman DsWn


Innate Abilities, Weirdness & Mutations

You are a creature of crystalline ice.
You have a powerful freezing melee attack.
Your maximum health is increased.
Your armour is entirely melded.
You are incapable of wielding weapons or throwing items.
You cannot wear most types of armour.
You are amphibious.
You can wear up to eight rings at the same time.
((Your skin changes colour to match your surroundings (Stealth+).))
((Your rubbery body absorbs attacks. (AC +1, EV +1)))
((You are camouflaged when in or above water. (Stealth+)))
((You have tentacles for arms and can constrict up to eight enemies at once.))


Message History

The manticore claws you!
* * * LOW HITPOINT WARNING * * *
The skeletal warrior misses you.
You pummel the manticore!! You freeze the manticore.
You feel a bit better.
You kill the manticore!
The skeletal warrior is distracted by your dazzling golden aura.
Aiming: Paralyse
Press: ? - help, Q - select action, (/) - cycle Shift-Dir - straight line, f - skeletal warrior
Aim: a skeletal warrior, wielding a +0 glaive (unaware, hasn't noticed you, chance to affect: 1%)
Okay, then.
The skeletal warrior is no longer distracted by gold.
The skeletal warrior closely misses you.
The barbs in your skin will harm you if you move.
Continue?
Okay, then.
The skeletal warrior hits you from afar with a +0 glaive!!
* * * LOW HITPOINT WARNING * * *
Press: ? - help, v - describe, . - travel
Here: a skeletal warrior, wielding a +0 glaive The floor.
You feel better.
The skeletal warrior hits you but does no damage.
You feel clever all of a sudden.
You howl as the wereblood boils in your veins!
The skeletal warrior hits you from afar with a +0 glaive!
* * * LOW HITPOINT WARNING * * *
[a] - 693 gold - haste, resistance, heal wounds, curing and berserk rage [b] - 135 gold - heal wounds [c] - 250 gold - resistance Purchase which effect?
You no longer have enough gold to petition Gozag for potion effects.
You feel much better.
You carefully extract the barbed spikes from your body.
The skeletal warrior misses you.
The skeletal warrior hits you with a +0 glaive!!
* * * LOW HITPOINT WARNING * * *
A red film seems to cover your vision as you go berserk!
You feel yourself moving faster!
You feel mighty!
The skeletal warrior hits you with a +0 glaive!
You die...
Your body crumbles into a pile of gold.

,,,,,,,,,* *,,,................
,,,,,,,,,* #...................
,,,,,,,,,* #...................
,,,,,,,,,#####...........#####...
,,,,,$,,,................# #...
,,,,,,,,,................# #...
*,,,,,,,,................# #...
**,,,,,,,......z.........#####...
**,,,,,,.......Y................
**,,,,,.......$................
**,,,,........................
**,,,.............<<<........
****########################


You could see a skeletal warrior.

Vanquished Creatures
  The ghost of NinjaNoafa the Grappler, a journeyman TrFi of Wu Jian (D:11)
  3 dire elephants (Lair:5)
  An ettin (Orc:1)
  Fannar (D:11)
  2 hydras
  Erolcha (Orc:1)
  A death knight (D:13)
  A catoblepas (Lair:3)
  3 two-headed ogres (D:11)
  A death yak (Lair:5)
  A vampire mage (D:12)
  A spectral death yak (Lair:5)
  A spectral anaconda (Lair:5)
  4 necromancers (Lair:5)
  An obsidian statue (Lair:5)
  An orc knight (Orc:1)
  2 deep elf pyromancers (D:12)
  6 orc sorcerers (Orc:2)
  4 manticores
  3 ugly things (D:13)
  A cyclops (D:13)
  11 elephants
  3 black mambas
  A dire elephant zombie (Lair:5)
  19 cane toads
  2 gargoyles (D:12)
  3 kobold demonologists
  2 unseen horror zombies (D:9)
  3 rime drakes
  8 komodo dragons
  8 trolls
  A polar bear (Lair:5)
  28 blink frogs
  7 dream sheep
  A hornet (D:9)
  2 shadows
  36 yaks
  7 vampires (D:12)
  6 wyverns
  4 wraiths
  Sigmund (D:5)
  3 fire bats (Lair:3)
  2 vampire mosquitoes (D:10)
  5 basilisks
  3 steam dragons
  Menkaure (D:5)
  Edmund (D:5)
  6 nagas (Lair:3)
  An acid dragon (D:12)
  6 wargs
  10 water moccasins
  11 orc warriors
  An elephant zombie (Lair:5)
  A hornet zombie (D:9)
  3 ice beasts
  2 black bears
  20 wolves
  6 ogres
  An elephant skeleton (Lair:5)
  21 centaurs
  10 kobold brigands (D:9)
  A phantom (D:4)
  7 gnoll sergeants
  5 scorpions
  3 necrophages
  9 bullfrogs
  4 water moccasin zombies (Ossuary)
  9 wights
  21 killer bees
  3 electric eels (Lair:3)
  7 howler monkeys
  4 hounds
  6 orc priests
  6 jellies
  Ijyb (D:3)
  Terence (D:3)
  5 iguanas
  37 orc wizards
  2 mummies (Ossuary)
  2 howler monkey zombies (D:9)
  27 gnolls
  6 adders
  2 white imps
  2 adder zombies (Ossuary)
  6 worms
  3 dart slugs
  69 orcs
  10 ball pythons
  10 bats
  An endoplasm (Lair:4)
  3 giant cockroaches
  15 goblins
  5 hobgoblins
  2 jackals (D:2)
  10 kobolds
  A quokka (D:5)
  5 frilled lizards
  A gnoll zombie (Ossuary)
  2 hobgoblin zombies (Ossuary)
  7 kobold zombies (Ossuary)
  8 orc zombies (Ossuary)
  6 rats
641 creatures vanquished.

Vanquished Creatures (others)
  A bullfrog (Lair:3)
  An orc wizard (Orc:2)
  An orc (D:8)
  27 fungi
  23 plants
  21 withered plants (Lair:5)
74 creatures vanquished.

Grand Total: 715 creatures vanquished

Notes
Turn   | Place    | Note
-------+----------+-------------------------------------------
     0 | D:1      | wormed the Octopode Transmuter began the quest for the Orb.
     0 | D:1      | Reached XP level 1. HP: 13/13 MP: 3/3
   126 | D:1      | Reached XP level 2. HP: 10/18 MP: 1/5
   208 | D:1      | Learned a level 2 spell: Wereblood
   815 | D:1      | Found Xogodgh's Book Shoppe.
   857 | D:1      | Found Leysot's Jewellery Boutique.
  1068 | D:1      | Reached XP level 3. HP: 22/23 MP: 2/6
  1695 | D:2      | Reached skill level 1 in Ice Magic
  3105 | D:3      | Reached XP level 4. HP: 8/28 MP: 7/7
  3401 | D:3      | Found a blossoming altar of Fedhas.
  3423 | D:3      | Noticed a scorpion
  3431 | D:3      | Killed a scorpion
  3432 | D:3      | Reached XP level 5. HP: 33/34 MP: 9/9
  3476 | D:3      | Noticed Terence
  3483 | D:3      | Killed Terence
  3769 | D:3      | Noticed Ijyb
  3910 | D:3      | Killed Ijyb
  3911 | D:3      | Reached XP level 6. HP: 25/40 MP: 10/10
  4415 | D:3      | Learned a level 4 spell: Ice Form
  4433 | D:4      | Reached skill level 4 in Unarmed Combat
  4506 | D:4      | Found a sand-covered staircase.
  4543 | Ossuary  | Entered an ossuary
  4719 | Ossuary  | Reached XP level 7. HP: 45/45 MP: 7/11
  5199 | D:4      | Found an ancient bone altar of Kikubaaqudgha.
  5224 | D:4      | Found Qiune's Antique Weapon Shop.
  5228 | D:4      | Found a radiant altar of Vehumet.
  5389 | D:4      | Reached XP level 8. HP: 47/52 MP: 13/13
  5583 | D:5      | Entered Level 5 of the Dungeon
  5624 | D:5      | Found a broken altar of Ashenzari.
  5739 | D:5      | Noticed Menkaure
  5869 | D:5      | Found an ornate altar of the Wu Jian Council.
  5902 | D:5      | Reached skill level 5 in Unarmed Combat
  6016 | D:5      | Noticed Sigmund
  6218 | D:5      | Killed Sigmund
  6386 | D:5      | Noticed Edmund
  6661 | D:6      | Found a staircase to the Ecumenical Temple.
  6838 | Temple   | Entered the Ecumenical Temple
  6881 | Temple   | Became a worshipper of Gozag Ym Sagoz the Greedy
  7237 | D:6      | Found a snail-covered altar of Cheibriados.
  7258 | D:6      | Reached XP level 9. HP: 59/59 MP: 15/15
  7385 | D:6      | Found a sacrificial altar of Ru.
  7639 | D:5      | Killed Edmund
  7640 | D:5      | Reached skill level 5 in Dodging
  7640 | D:5      | Reached skill level 5 in Transmutations
  7898 | D:6      | Reached skill level 5 in Fighting
  8330 | D:6      | Reached skill level 6 in Unarmed Combat
  8335 | D:6      | Reached skill level 5 in Ice Magic
  8574 | D:7      | Reached skill level 5 in Spellcasting
  9139 | D:7      | Found a sparkling altar of Nemelex Xobeh.
  9364 | D:8      | Reached XP level 10. HP: 60/68 MP: 18/18
 10636 | D:8      | Found a white marble altar of Elyvilon.
 10638 | D:8      | Found a shimmering altar of Xom.
 10638 | D:8      | Found a broken altar of Ashenzari.
 10640 | D:8      | Found a shimmering blue altar of Sif Muna.
 10640 | D:8      | Found a glowing golden altar of the Shining One.
 10640 | D:8      | Found a broken altar of Ashenzari.
 10688 | D:8      | Found a large runed translucent door.
 10688 | D:8      | Found a large runed translucent door.
 11266 | D:9      | Reached skill level 7 in Unarmed Combat
 11400 | D:9      | Identified the +6 great sword of Entrepreneurial Spirit
                  | {flame, rPois Str+4}
 11951 | D:9      | Noticed a kobold demonologist
 12177 | D:9      | Noticed a kobold demonologist
 12181 | D:9      | Killed a kobold demonologist
 12182 | D:9      | Reached XP level 11. HP: 75/75 MP: 20/20
 12259 | D:9      | Found a staircase to the Orcish Mines.
 12601 | D:9      | Reached skill level 8 in Unarmed Combat
 12834 | D:10     | Entered Level 10 of the Dungeon
 13078 | D:10     | Found a shadowy altar of Dithmenos.
 13342 | D:10     | Found a staircase to the Lair.
 13513 | D:10     | Found a bloodstained altar of Trog.
 13772 | D:11     | Found Guuwuu's Weapon Shop.
 13773 | D:11     | Noticed Fannar
 13790 | D:11     | Killed Fannar
 13955 | D:11     | Noticed a two-headed ogre
 13968 | D:11     | Killed a two-headed ogre
 14091 | D:11     | Found a runed translucent door.
 14092 | D:11     | Noticed NinjaNoafa's ghost (journeyman TrFi)
 14154 | D:11     | Noticed a two-headed ogre
 14167 | D:11     | Killed a two-headed ogre
 14610 | Lair:1   | Entered Level 1 of the Lair of Beasts
 15018 | Lair:1   | Reached XP level 12. HP: 84/84 MP: 23/23
 15111 | Lair:1   | Reached skill level 9 in Unarmed Combat
 17440 | Lair:2   | Reached skill level 10 in Unarmed Combat
 18130 | Lair:3   | Reached XP level 13. HP: 92/92 MP: 25/25
 18268 | Lair:3   | Reached skill level 10 in Transmutations
 18342 | Lair:3   | Reached skill level 10 in Dodging
 18347 | Lair:2   | Reached skill level 10 in Fighting
 18496 | Lair:3   | Found a staircase to the Swamp.
 18503 | Lair:3   | Found a staircase to the Snake Pit.
 18628 | Lair:3   | Identified the +1 chain mail of the Invisible Hand {rN+}
 19329 | Lair:3   | You fall into a shaft and drop 2 floors!
 19329 | Lair:5   | Entered Level 5 of the Lair of Beasts
 21061 | Lair:4   | Reached skill level 11 in Unarmed Combat
 21238 | Lair:4   | Found a staircase to the Slime Pits.
 22367 | Lair:5   | Reached XP level 14. HP: 90/101 MP: 26/26
 23213 | Lair:5   | Noticed a dire elephant
 23214 | Lair:5   | Noticed a dire elephant
 23214 | Lair:5   | Noticed a dire elephant
 23242 | Lair:5   | Killed a dire elephant
 24207 | Lair:5   | Reached skill level 12 in Unarmed Combat
 24451 | Lair:5   | Killed a dire elephant
 24777 | Lair:5   | Found the +4 dagger "Morg" {pain, Will+ Int+5}
 24917 | Lair:5   | Killed a dire elephant
 25254 | Orc:1    | Entered Level 1 of the Orcish Mines
 25394 | Orc:1    | Noticed Erolcha
 25711 | Orc:1    | Found a runed translucent gate.
 25713 | Orc:1    | Found a runed translucent gate.
 25714 | Orc:1    | Found a runed translucent gate.
 25715 | Orc:1    | Noticed DSscumlord's ghost (journeyman DsWn)
 25798 | Orc:1    | Found an iron altar of Okawaru.
 25864 | Orc:1    | Killed Erolcha
 25933 | Orc:1    | HP: 6/122 [ettin/+0 dire flail (39)]
 26322 | Orc:2    | Entered Level 2 of the Orcish Mines
 26322 | Orc:2    | Found a staircase to the Elven Halls.
 26940 | Orc:2    | Found Xureph's Weapon Emporium.
 27034 | Orc:2    | Found Ceunt's Distillery.
 27095 | Orc:2    | Found Luoshri's Magic Scroll Shop.
 27139 | Orc:2    | Found Wostares's Armour Emporium.
 27903 | D:11     | Killed NinjaNoafa's ghost
 28296 | D:5      | Killed Menkaure
 28400 | D:8      | Found a shimmering blue altar of Sif Muna.
 28404 | D:8      | Found a stormy altar of Qazlal.
 29148 | D:12     | Reached XP level 15. HP: 51/109 MP: 27/27
 29950 | D:12     | Found an ancient bone altar of Kikubaaqudgha.
 30295 | D:12     | Found Qoikk's Assorted Antiques.
 30299 | D:12     | Bought a scroll labelled ANIGESK QUDU for 28 gold pieces
 30300 | D:12     | Acquired 1020 gold pieces
 30308 | D:12     | Bought a curved smoking staff for 360 gold pieces
 30921 | D:13     | Noticed Snorg
 30932 | D:13     | Reached skill level 13 in Unarmed Combat
 31215 | D:12     | HP: 6/130 [boulder beetle (36)]
 31820 | D:13     | HP: 1/130 [skeletal warrior/+0 glaive[a death knight] (17)]
 31823 | D:13     | Demolished by a skeletal warrior

Illustrated notes

Levels and vault maps discovered:
D:1:      dpeg_arrival_signposts, layout_basic, serial_shops, shop,
          shop_fountains, amcnicky_mini_corridor_feature
D:2:      layout_basic
D:3:      kennysheep_the_goblin_king, layout_basic, fedhas_ov_isle_minmay,
          uniq_terence
D:4:      layout_basic, kennysheep_mini, fiery_altar_vehumet, serial_shops,
          nicolae_shop_statue_plus, nicolae_ossuary_entry_ruins
D:5:      dreamdust_elfheim, layout_loops_ring, nicolae_ashenzari_skybound,
          mainiacjoe_overflow_tiny_flanked, nicolae_titane, uniq_menkaure,
          uniq_sigmund, uniq_edmund
D:6:      layout_basic, cheibriados_altar_1, nicolae_ru_awakened_eye,
          minmay_temple_entry_fiery, kennysheep_decorative_pillar
D:7:      layout_cave_pools, mainiacjoe_overflow_chevrons
D:8:      layout_basic, doesnt_xom_only_xom, jmf_multi_god_temple2,
          minmay_misc_feat_square
D:9:      layout_loops_ring, kennysheep_orc_monster_closet_entryway,
          serial_undead, serial_undead_b, serial_undead_d, serial_undead_d,
          serial_undead_b
D:10:     layout_rooms, general_overflow_altar, mainiacjoe_overflow_paths,
          lair_entry_dummy
D:11:     layout_basic, ebering_ghost_reflecting_pool, nicolae_stop_n_shop_1,
          uniq_fannar
D:12:     minmay_general_purpose_star, layout_loops_ring, serial_shops, shop,
          nicolae_nh_vlads_tower
D:13:     layout_big_octagon, uniq_snorg
Temple:   kb_temple_of_zot
Lair:1:   layout_gridlike, gauntlet_entry_generic
Lair:2:   layout_cave_pods
Lair:3:   layout_gridlike, minmay_swamp_entry_reptiles,
          minmay_snake_entry_guardpost_medium, infiniplex_staircase_pool,
          grunt_megastairs_3
Lair:4:   layout_gridlike, nicolae_slime_entry_slimehenge
Lair:5:   due_jungle_book, layout_loops_ring, lemuel_fruit_tree
Orc:1:    layout_diamond_mine, gammafunk_ghost_fury_of_okawaru,
          nicolae_orc_crystal_geode, uniq_erolcha
Orc:2:    st_orc_town, layout_caves

Skill      XL: |  1  2  3  4  5  6  7  8  9 10 11 12 13 14 15 |
---------------+----------------------------------------------+-----
Ice Magic      | 1 2 3 4 5 |  5.0
Fighting       | 2 3 4 5 7 8 9 11 12 | 12.7
Transmutations | 3 4 6 7 8 9 11 12 | 12.8
Dodging        | 3 4 5 7 8 9 11 12 | 12.7
Unarmed Combat | 4 5 6 7 8 10 11 12 13 | 13.0
Spellcasting   | 3 4 5 6 7 8 |  8.0
Air Magic      | |  0.1

Action                   |  1- 3 |  4- 6 |  7- 9 | 10-12 | 13-15 || total
-------------------------+-------+-------+-------+-------+-------++-------
Melee: Unarmed           |    98 |   127 |   283 |   589 |   928 ||  2025
       Constrict         |    30 |    21 |     2 |       |     8 ||    61
       Tentacles         |    18 |    14 |     6 |     3 |     7 ||    48
       Kick              |    23 |    19 |       |       |       ||    42
       Punch             |     1 |     5 |       |     1 |     4 ||    11
 Cast: Beastly Appendage |    32 |    13 |       |       |       ||    45
       Wereblood         |    26 |    16 |    13 |    45 |    67 ||   167
       Ice Form          |       |     5 |    38 |    61 |    95 ||   199
Invok: Call Merchant     |       |       |       |     3 |     2 ||     5
       Potion Petition   |       |       |       |       |     8 ||     8
Evoke: Wand              |       |       |       |     5 |    11 ||    16
  Use: Scroll            |     7 |     4 |    12 |     2 |    26 ||    51
       Potion            |       |     4 |     1 |       |    10 ||    15
 Stab: Sleeping          |     5 |     3 |     1 |     1 |     1 ||    11
       Paralysed         |       |       |       |    11 |       ||    11
       Distracted        |       |       |       |     1 |     4 ||     5
Armor: Skin              |     8 |    29 |    66 |   138 |   216 ||   457
Dodge: Dodged            |    64 |    61 |   206 |   558 |   783 ||  1672

Table legend: (Time is in decaauts)
 A = Elapsed time spent in this place.
 B = Non-inter-level travel time spent in this place.
 C = Inter-level travel time spent in this place.
 D = Time resting spent in this place.
 E = Time spent auto-exploring this place.
 F = Levels seen in this place.
 G = Mean time per level.
                   A        B        C        D        E       F      G
               +--------+--------+--------+--------+--------+-----+--------+
         Total |  31574 |  29954 |   1620 |   5386 |  19321 |  22 | 1435.2 |
       Dungeon |  18370 |  17047 |   1323 |   3162 |  10990 |  13 | 1413.1 |
        Temple |     73 |     44 |     29 |      0 |     34 |   1 |   73.0 |
          Lair |  10465 |  10254 |    211 |   1893 |   6673 |   5 | 2093.0 |
  Orcish Mines |   2093 |   2037 |     56 |     16 |   1530 |   2 | 1046.5 |
       Ossuary |    571 |    571 |      0 |    315 |     94 |   1 |  571.0 |
               +--------+--------+--------+--------+--------+-----+--------+

Top non-repeatable levels by time:
  Lair:5: 3120 daAuts
     D:9: 2120 daAuts
  Lair:2: 2110 daAuts
    D:12: 1884 daAuts
  Lair:3: 1866 daAuts
    D:11: 1858 daAuts
     D:7: 1768 daAuts
  Lair:1: 1741 daAuts
     D:1: 1662 daAuts
     D:6: 1635 daAuts
  Lair:4: 1626 daAuts
     D:3: 1453 daAuts
     D:8: 1404 daAuts
     D:2: 1301 daAuts
     D:5: 1172 daAuts
